 Dungeon Crawl Stone Soup version 0.17-a0-26-g7f25774 (webtiles) character file.

84 TruthSerum the Poker (level 4, -2/30 HPs)
             Began as an Imp Berserker on Sept 2, 2015.
             Was a Believer of Trog.
             Slain by a worm (8 damage)
             ... on level 2 of the Dungeon.
             The game lasted 00:11:25 (1672 turns).

TruthSerum the Poker (Imp Berserker)                Turns: 1672, Time: 00:11:25

Health: -2/30      AC:  2    Str: 16    XL:     4   Next: 23%
Magic:  4/4        EV: 19    Int:  6    God:    Trog [**....]
Gold:   161        SH:  0    Dex: 17    Spells: 0 memorised, 3 levels left

rFire  . . .     SeeInvis .     e - +0 spear
rCold  . . .     Clarity  .     b - +0 animal skin
rNeg   + + +     SustAb   .     (shield restricted)
rPois  ∞         Gourm    .     (helmet restricted)
rElec  .         Spirit   .     g - -1 cloak (curse)
rCorr  .         Warding  .     (gloves unavailable)
rMut   .         Rnd*Tele +     (boots unavailable)
MR     .....                    (no amulet)
Stlth  ++........               (no ring)
                                (no ring)

@: not resistant to hostile enchantments, unstealthy
A: unfitting armour, blink 2, negative energy resistance 3, regeneration 1,
screaming 3, teleportitis 2, torment resistance
a: Blink, Burn Spellbooks, Berserk, Trog's Hand, Renounce Religion


You were on level 2 of the Dungeon.
You worshipped Trog.
Trog was pleased with you.
You were hungry.

You visited 1 branch of the dungeon, and saw 2 of its levels.

You collected 161 gold pieces.

Inventory:

Hand weapons
 e - a +0 spear (weapon)
Armour
 b - a +0 animal skin (worn)
 g - a cursed -1 cloak (worn)
 i - a +0 cloak
 l - a +0 cloak
Scrolls
 a - a scroll of identify {unknown}
 f - 3 scrolls of remove curse {unknown}
 h - a scroll of teleportation {unknown}
Potions
 j - 2 potions of haste {unknown}
Comestibles
 c - 3 bread rations
 d - 7 fruits
 k - a meat ration


   Skills:
 + Level 4.5 Fighting
 + Level 4.6 Polearms
 - Level 1.5 Armour
 + Level 4.1 Dodging


You had 3 spell levels left.
You didn't know any spells.

Dungeon Overview and Level Annotations

Branches:
Dungeon (2/15)

Altars:
Gozag
Zin

Shops:
D:2 *


Innate Abilities, Weirdness & Mutations

You are immune to poison.
You are tiny and cannot use many weapons and most armour.
You are good at translocating small distances at will.
You are immune to negative energy.
Your natural rate of healing is unusually fast.
You frequently scream uncontrollably at your foes.
Space sometimes distorts in your vicinity.
You are immune to unholy pain and torment.


Message History

The worm is almost dead.
You hit the worm.
The worm is almost dead.
You barely miss the worm.
The worm is almost dead.
The worm barely misses you. The worm bites you!
* * * LOW HITPOINT WARNING * * *
You hit the worm but do no damage.
The worm is almost dead.
The worm closely misses you.
You are too injured to fight recklessly!
You are too injured to fight recklessly!
You are too injured to fight recklessly!
You hit the worm but do no damage.
The worm is almost dead.
You hit the worm but do no damage.
The worm is almost dead.
The worm bites you!
You die...

#........ #........#
#<.......# ### #........#
###.# #........# #...# #
####........# #.#.# .
......[..g...# ####.#.#
..
....###.#########....#.##
#.....))w@............#
###..########.........#
#.# #..........# #.
#####.#....>...# ..
#...........#.## ..
#.........###.# ##
#.........# #.# #
##.######## #.#
#####..#### #..# #.#


You could see a worm.

Vanquished Creatures
  3 gnolls
  An adder (D:2)
  A worm (D:2)
  A giant cockroach (D:1)
  8 hobgoblins
  2 ball pythons (D:1)
  4 bats (D:1)
  3 giant newts (D:1)
  11 goblins
  5 kobolds
  3 rats (D:1)
42 creatures vanquished.

Notes
Turn   | Place    | Note
--------------------------------------------------------------
     0 | D:1      | TruthSerum, the Imp Berserker, began the quest for the Orb.
     0 | D:1      | Reached XP level 1. HP: 14/14 MP: 1/1
   233 | D:1      | Reached XP level 2. HP: 5/20 MP: 2/2
   245 | D:1      | Reached skill level 4 in Polearms
   370 | D:1      | Acquired Trog's second power
  1118 | D:2      | Found an opulent altar of Gozag.
  1152 | D:2      | Reached XP level 3. HP: 24/24 MP: 3/3
  1472 | D:2      | Reached XP level 4. HP: 26/30 MP: 4/4
  1566 | D:2      | Found Zin's Purification Station.
  1568 | D:2      | Found a glowing silver altar of Zin.
  1672 | D:2      | Slain by a worm

Action                   |  1- 3 |  4- 6 || total
-------------------------+-------+-------++-------
Melee: Spear             |   154 |    41 ||   195
 Abil: Blink             |     1 |       ||     1
 Stab: Sleeping          |     1 |       ||     1
  Eat: Chunk             |     2 |       ||     2
